 Dungeon Crawl Stone Soup version 0.26.1-2-gb8aa6d0cf2 (webtiles) character file.

Game seed: 16750209900227341512

88862 vatarom the Grappler (level 15, -7/114 (120) HPs)
             Began as a Purple Draconian Transmuter on Feb 16, 2021.
             Was the Champion of Ru.
             Mangled by an ettin zombie (21 damage)
             ... led by a necromancer
             ... on level 2 of the Abyss.
             The game lasted 01:08:24 (38119 turns).

vatarom the Grappler (Purple Draconian Transmuter) Turns: 38119, Time: 01:08:25

HP:   -7/114 (120)  AC: 21    Str: 12    XL:     15   Next: 47%
MP:   15/19         EV: 13    Int:  9    God:    Ru [******]
Gold: 2053          SH:  0    Dex: 14    Spells: 5/30 levels left

rFire    . . .     SeeInvis .     - Unarmed
rCold    . . .     Faith    .   (no shield)
rNeg     + . .     Spirit   .   (armour unavailable)
rPois    ∞         Reflect  .   (helmet restricted)
rElec    +         Harm     .   (no cloak)
rCorr    .         Rampage  .   (gloves currently unavailable)
Will     ++...     Rnd*Rage +   (boots currently unavailable)
Stlth    +.........             Q - amulet of regeneration
HPRegen  0.00/turn              K - ring "Jenoh" {rF+ Dex+3}
MPRegen  0.16/turn              c - ring of protection from cold

@: about to teleport, statue-form, drained, very slow
A: (breathe power), unfitting armour, horns 1, talons 1, [berserk 3], [blurry
vision 3], [clumsy 2], [deterioration 2], [dopey 2], [frail 3], low mp 1[+2],
[screaming 3], [inhibited regeneration], [weak 2], evolution 1, no potion heal
1[+2], cold-blooded, [subdued magic 2], inability to use devices, reduced EV 1,
missing an eye, temperature sensitive, AC +9
a: End Transformation, Renounce Religion, Draw Out Power, Power Leap, Apocalypse


You were on level 2 of the Abyss.
You worshipped Ru.
Ru was exalted by your worship.
You were a stone statue.
You visited 5 branches of the dungeon, and saw 25 of its levels.
You visited the Abyss 1 time.
You also visited: Gauntlet.

You collected 2418 gold pieces.
You spent 365 gold pieces at shops.

Inventory:

Hand Weapons
 N - the +6 hand crossbow of Brutal Revenge {elec, rPois Int+2}
   (You found it in a Gauntlet)

   It charges the ammunition it shoots with electricity; occasionally upon a
   hit, such missiles may discharge and cause terrible harm.
   It affects your intelligence (+2).
   It protects you from poison.
Missiles
 a - 27 silver javelins
 h - 48 boomerangs
 o - 4 curare-tipped darts (quivered)
 v - 9 atropa-tipped darts
 B - 52 poisoned darts
 G - 12 datura-tipped darts
 O - a throwing net {!f}
Armour
 m - a +0 buckler
 r - a +0 pair of gloves (melded)
 F - a +1 pair of boots (melded)
 M - a +0 cloak
Jewellery
 c - a ring of protection from cold (right hand)
 n - an uncursed amulet of guardian spirit
 t - an uncursed amulet of the acrobat
 w - an uncursed ring of wizardry
 E - an uncursed ring of protection from fire
 I - an uncursed amulet of magic regeneration
 J - the ring of Jyos {Str+6 SInv Stlth+}
   (You acquired it on level 2 of the Lair of Beasts)

   [ring of strength]

   It affects your strength (+6).
   It lets you see invisible.
   It makes you more stealthy.
 K - the ring "Jenoh" (left hand) {rF+ Dex+3}
   (You found it in a Gauntlet)

   [ring of protection from fire]

   It affects your dexterity (+3).
   It protects you from fire.
 Q - an amulet of regeneration (around neck)
 S - a cursed ring of teleportation {unknown}
 W - an uncursed ring of positive energy {unknown}
Wands
 x - a wand of paralysis (25)
Scrolls
 b - 4 scrolls of immolation
 d - 5 scrolls of magic mapping
 e - 2 scrolls of fear
 f - a scroll of blinking {unknown}
 g - 12 scrolls of remove curse {@r2}
 j - 8 scrolls of amnesia
 k - 6 scrolls of enchant weapon
 l - 18 scrolls of identify {@r1}
 p - 2 scrolls of silence
 s - 6 scrolls of teleportation {@r3}
 u - 3 scrolls of enchant armour
 y - 3 scrolls of fog
 D - 5 scrolls of noise
Potions
 i - 13 potions of curing {@q1}
 q - 4 potions of haste {@q3}
 z - 6 potions of flight
 A - 3 potions of cancellation
 C - 3 potions of degeneration
 H - 5 potions of lignification {unknown}
 L - a potion of mutation
 P - 2 potions of might {@q4}
 R - 6 potions of ambrosia {unknown}
 T - a potion of magic {unknown}
 U - 2 potions of berserk rage
 V - 2 potions of heal wounds {@q2}


   Skills:
 + Level 12.2 Fighting
 - Level 6.6 Throwing
 - Level 10.2 Dodging
 + Level 14.2 Unarmed Combat
 - Level 8.4 Spellcasting
 + Level 12.3 Transmutations
 - Level 2.0 Ice Magic
 * Level 8.1 Earth Magic
 * Level 5.1 Poison Magic


You had 5 spell levels left.
You knew the following spells:

 Your Spells              Type           Power        Failure   Level
a - Beastly Appendage     Tmut           32%          1%          1
b - Spider Form           Tmut/Pois      6%           1%          3
c - Ice Form              Ice/Tmut       10%          5%          4
d - Blade Hands           Tmut           8%           1%          5
e - Statue Form           Tmut/Erth      8%           28%         6
f - Eringya's Noxious Bo  Tmut/Pois      6%           50%         6

Your spell library contained the following spells:

 Spells                   Type           Power        Failure   Level
 Sandblast                Erth           22%          1%          1
 Sting                    Tmut/Pois      48%          1%          1
 Passwall                 Tmut/Erth      10%          1%          2
 Wereblood                Tmut           16%          1%          2
 Petrify                  Tmut/Erth      13%          1%          4
 Ignite Poison            Fire/Tmut/Pois 8%           2%          3
 Stone Arrow              Conj/Erth      12%          6%          3
 Alistair's Intoxication  Tmut/Pois      8%           9%          5
 Animate Skeleton         Necr           4%           12%         1
 Apportation              Tloc           4%           12%         1
 Corona                   Hex            2%           12%         1
 Magic Dart               Conj           8%           12%         1
 Summon Small Mammal      Summ           8%           12%         1
 Lee's Rapid Deconstruct  Erth           5%           12%         5
 Blink                    Tloc           N/A          19%         2
 Call Imp                 Summ           2%           19%         2
 Slow                     Hex            2%           19%         2
 Sublimation of Blood     Necr           1%           19%         2
 Mephitic Cloud           Conj/Pois/Air  4%           19%         3
 Irradiate                Conj/Tmut      4%           28%         5
 Yara's Violent Unravell  Hex/Tmut       4%           28%         5
 Confusing Touch          Hex            2%           36%         3
 Conjure Flame            Conj/Fire      2%           36%         3
 Gell's Gravitas          Tloc           1%           36%         3
 Lesser Beckoning         Tloc           1%           36%         3
 Teleport Other           Tloc           2%           36%         3
 Passage of Golubria      Tloc           N/A          80%         4
 Metabolic Englaciation   Hex/Ice        1%           95%         5
 Chain Lightning          Conj/Air       1%           100%        8
 Lehudib's Crystal Spear  Conj/Erth      3%           100%        8
 Absolute Zero            Ice            2%           100%        9
 Fire Storm               Conj/Fire      1%           100%        9


Dungeon Overview and Level Annotations

Branches:
Dungeon (15/15)            Temple (1/1) D:4            Lair (6/6) D:9
  Swamp (0/4) Lair:3        Snake (0/4) Lair:4        Slime (0/5) Lair:5
    Orc (2/2) D:9             Elf (1/3) Orc:2        Vaults (0/5) D:13
 Depths (0/5) D:15        Gauntlet (visited)

Altars:
Ashenzari
Cheibriados
Dithmenos
Elyvilon
Gozag
Hepliaklqana
Kikubaaqudgha
Makhleb
Nemelex Xobeh
Okawaru
Qazlal
Ru
Sif Muna
Trog
Uskayaw
Vehumet
Wu Jian
Xom
Zin
The Shining One
Beogh
Jiyva

Shops:
D:13 *   Orc:2 *!*[   Elf:1 [

Annotations:
D:7 1 runed translucent door, Crazy Yiuf
D:15 exclusions: fire giant and 1 more exclusion
Lair:1 3 runed translucent doors, 15bullets's ghost, journeyman TrMo; Galthrax's ghost, journeyman OpTm; JazCRAWL's ghost, journeyman HOMo; arta456's ghost, journeyman DECj; vatarom's ghost, novice DrTm


Innate Abilities, Weirdness & Mutations

((You can breathe bolts of dispelling energy.))
((Your rich purple scales are hard. (AC +9)))
You cannot fit into any form of body armour.
[Your magical capacity is extremely low. (-30% MP)]
You are cold-blooded and may be slowed by cold attacks.
You cannot study or use magical devices.
You have somewhat slow reflexes. (EV -5)
You are missing an eye, making it more difficult to aim.
You are sensitive to extremes of temperature. (rF-, rC-)
You have a pair of small horns on your head.
You have sharp toenails.
You evolve.
[You have an uncontrollable temper.]
[Scrolls take you much longer to read.]
[You are very clumsy. (Dex -4)]
[Your body often deteriorates upon taking damage.]
[You are very dopey. (Int -4)]
[You are extremely frail. (-30% HP)]
[Your magical capacity is extremely low. (-30% MP)]
[You frequently scream uncontrollably at your foes.]
[You do not regenerate when monsters are visible.]
[You are very weak. (Str -4)]
[Potions cannot restore your health.]
[Your spells are easier to cast, but less powerful.]


Message History

The wretched star pulses with an eldritch light!
You feel extremely angry at everything!
You feel weaker. x2
You begin reading the scroll.
You continue reading the scroll.
The merfolk siren disappears in a puff of smoke!
The worldbinder calls forth creatures from the Shoals!
You feel yourself growing ill in the presence of the ancient zyme.
The worldbinder begins to attack, but is stunned by your conviction!
As you read the scroll of fog, it crumbles to dust.
The scroll dissolves into smoke.
You carefully extract the barbed spikes from your body.
The wretched star pulses with an eldritch light!
You feel frail.
You pummel the wretched star!! Your kick misses the wretched star.
You headbutt the wretched star, but do no damage.
You punch the wretched star!!
The wretched star is severely damaged.
The wretched star pulses with an eldritch light!
Your vision blurs. x2
The ettin zombie closely misses you. The ettin zombie hits you!!
You die...

#. . .. .## ... ##
#.# ####. #.# ..
.## ###m########
...........Hx§x*8§#
.. .#### .######Z#
. .. # ### . ..# x#
. ... ..x####.# Z§
....#..mm# ..x # .
. .. .# .... .
.#....### #....
##........ .....
### ....#.


You could see a wretched star, an ancient zyme, a worldbinder and an ettin
zombie.

Vanquished Creatures
  Agnes (D:14)
  Roxanne (D:14)
  A deep elf sorcerer (Elf:1)
  An orc warlord (Orc:2)
  A minotaur (Gauntlet)
  Snorg (Lair:4)
  A fire dragon (Lair:6)
  Josephine (D:12)
  A yaktaur captain (D:13)
  Erolcha (Orc:2)
  6 hydras
  2 death knights (D:15)
  A catoblepas (D:15)
  4 centaur warriors
  2 dancing weapons (Elf:1)
  3 two-headed ogres
  2 deep elf knights (Elf:1)
  2 wretched stars (Abyss:2)
  2 unseen horrors (D:8)
  A swamp dragon (Lair:6)
  A deep elf archer (Elf:1)
  An obsidian statue (Gauntlet)
  A wizard (Elf:1)
  Pikel (D:6)
  8 orc sorcerers
  An orc knight (D:14)
  13 ugly things
  9 deep elf magi (Elf:1)
  2 cyclopes
  A worldbinder (Abyss:2)
  5 black mambas
  2 molten gargoyles (Lair:3)
  19 cane toads
  4 elephants (Lair:3)
  A centaur zombie (D:15)
  3 gargoyles
  An apocalypse crab (Gauntlet)
  Maggie (D:7)
  2 freezing wraiths (D:15)
  2 rime drakes
  A rime drake (shapeshifter) (D:14)
  2 yaktaurs (D:13)
  5 komodo dragons
  A kobold demonologist (Elf:1)
  An ice devil (Abyss:2)
  A queen bee (D:10)
  8 trolls
  9 slime creatures
  Grinder (D:3)
  A polar bear (Lair:3)
  2 hornets
  Prince Ribbit (D:8)
  A dream sheep (shapeshifter) (D:12)
  5 dream sheep
  A vampire (D:13)
  2 water elementals
  2 shadows
  3 wyverns
  2 air elementals (Elf:1)
  10 wraiths
  A fire elemental (Elf:1)
  48 yaks
  3 basilisks
  A steam dragon (Lair:6)
  A large abomination (Abyss:2)
  Menkaure (D:7)
  8 wargs
  3 nagas (Lair:4)
  20 water moccasins
  A harpy simulacrum (D:15)
  4 acid dragons
  3 swamp drakes (Lair:6)
  3 ice beasts
  19 orc warriors
  7 sky beasts
  2 eyes of draining (shapeshifter)
  A black bear (Lair:2)
  A hornet zombie (D:8)
  An eye of draining (D:15)
  4 phantoms
  A boggart (Elf:1)
  11 ogres
  7 wolves
  16 centaurs
  2 lemures (D:7)
  Blork the orc (D:4)
  7 big kobolds
  A gnoll sergeant (D:8)
  21 bullfrogs
  A wyvern zombie (D:11)
  A troll zombie (D:9)
  A small abomination (Abyss:2)
  34 killer bees
  An electric eel (D:14)
  6 wights
  3 howler monkeys
  A bullfrog zombie (D:12)
  5 lava snakes (Lair:3)
  5 jellies
  5 hounds
  26 orc priests
  A gnoll shaman (D:7)
  3 bullfrog skeletons
  4 iguanas
  5 hell rats
  51 orc wizards
  11 worker ants
  2 killer bee zombies
  5 ogre zombies (D:9)
  A hound zombie (D:7)
  A hound skeleton (D:11)
  10 adders
  8 gnolls
  2 shadow imps
  3 white imps
  3 ufetubi
  An ooze (D:3)
  2 adder skeletons
  3 worms
  3 dart slugs
  7 leopard geckos
  101 orcs
  3 ball pythons
  8 bats
  8 giant cockroaches
  8 hobgoblins
  8 jackals
  A quokka (D:6)
  9 frilled lizards
  7 goblins
  A goblin skeleton (D:9)
  3 goblin zombies (D:9)
  2 hobgoblin skeletons (D:9)
  4 hobgoblin zombies (D:9)
  43 kobolds
  A leopard gecko zombie (D:7)
  2 orc skeletons (D:9)
  7 orc zombies (D:9)
  A quokka skeleton (D:5)
  6 rats
  A butterfly (Lair:6)
  A fire vortex (D:14)
811 creatures vanquished.

Vanquished Creatures (collateral kills)
  3 orcs (D:9)
3 creatures vanquished.

Vanquished Creatures (others)
  A hydra (Lair:1)
  2 two-headed ogres
  An orc sorcerer (Orc:2)
  A komodo dragon (Lair:3)
  A killer bee (D:10)
  3 orc wizards (Orc:2)
  A hell rat (Lair:4)
  3 orcs
  73 fungi
  95 plants
181 creatures vanquished.

Grand Total: 995 creatures vanquished

Notes
Turn   | Place    | Note
-------+----------+-------------------------------------------
     0 | D:1      | vatarom the Draconian Transmuter began the quest for the
                  | Orb.
     0 | D:1      | Reached XP level 1. HP: 16/16 MP: 3/3
    67 | D:1      | Reached XP level 2. HP: 14/23 MP: 3/5
   652 | D:1      | Reached skill level 4 in Unarmed Combat
   842 | D:2      | Reached XP level 3. HP: 20/28 MP: 4/6
   849 | D:2      | Learned a level 3 spell: Spider Form
  1008 | D:2      | Found a stormy altar of Qazlal.
  1365 | D:2      | Found a shimmering altar of Xom.
  1512 | D:2      | Reached skill level 1 in Poison Magic
  1617 | D:2      | Reached XP level 4. HP: 35/35 MP: 5/7
  2753 | D:3      | Noticed Grinder
  2769 | D:3      | Killed Grinder
  2770 | D:3      | Reached skill level 5 in Unarmed Combat
  2770 | D:3      | Reached skill level 5 in Transmutations
  2770 | D:3      | Reached XP level 5. HP: 25/40 MP: 4/8
  2770 | D:3      | Reached XP level 6. HP: 30/47 MP: 4/9
  3273 | D:4      | Found a staircase to the Ecumenical Temple.
  3281 | Temple   | Entered the Ecumenical Temple
  3508 | Temple   | Became a worshipper of Ru the Awakened
  3523 | D:4      | Found a burning altar of Makhleb.
  3596 | D:4      | You fall into a shaft and drop 1 floor!
  3596 | D:5      | Entered Level 5 of the Dungeon
  3838 | D:4      | Noticed Blork the orc
  3854 | D:4      | Killed Blork the orc
  3855 | D:4      | Your scales start taking on a rich purple colour.
  3855 | D:4      | Reached XP level 7. HP: 29/52 MP: 7/10
  4092 | D:4      | Found an iron altar of Okawaru.
  4139 | D:4      | Reached skill level 6 in Unarmed Combat
  4464 | D:5      | Learned a level 4 spell: Ice Form
  4569 | D:5      | Reached skill level 1 in Ice Magic
  5521 | D:6      | Reached skill level 7 in Unarmed Combat
  5820 | D:6      | Reached XP level 8. HP: 25/61 MP: 9/11
  5831 | D:6      | Gained mutation: You are missing an eye, making it more
                  | difficult to aim. [Ru sacrifice]
  5831 | D:6      | Reached * piety under Ru
  7203 | D:7      | Reached skill level 8 in Unarmed Combat
  7237 | D:7      | Noticed Menkaure
  7251 | D:7      | Killed Menkaure
  7356 | D:7      | Noticed Pikel
  7561 | D:6      | Killed Pikel
  7562 | D:6      | Reached skill level 9 in Unarmed Combat
  7562 | D:6      | Reached XP level 9. HP: 47/71 MP: 1/12
  7751 | D:7      | Found a glowing golden altar of the Shining One.
  7751 | D:7      | Found a sparkling altar of Nemelex Xobeh.
  7802 | D:7      | Noticed Maggie
  7853 | D:7      | Killed Maggie
  8268 | D:7      | Found a runed translucent door.
  8269 | D:7      | Noticed Crazy Yiuf
  8465 | D:7      | Reached skill level 5 in Fighting
  9428 | D:7      | Gained mutation: You are sensitive to extremes of
                  | temperature. (rF-, rC-) [Ru sacrifice]
  9428 | D:7      | Reached ** piety under Ru
  9428 | D:7      | Reached *** piety under Ru
 10232 | D:8      | Noticed a two-headed ogre
 10254 | D:7      | Killed a two-headed ogre
 10255 | D:7      | Reached skill level 10 in Unarmed Combat
 10255 | D:7      | Reached XP level 10. HP: 44/83 MP: 13/17
 10277 | D:7      | Learned a level 5 spell: Blade Hands
 10467 | D:8      | Reached skill level 5 in Spellcasting
 10645 | D:8      | Found a snail-covered altar of Cheibriados.
 11018 | D:8      | Noticed Prince Ribbit
 11033 | D:8      | Killed Prince Ribbit
 11235 | D:8      | Noticed an unseen horror
 11237 | D:8      | Killed an unseen horror
 11485 | D:8      | Found a broken altar of Ashenzari.
 11798 | D:8      | Gained mutation: You have sharp toenails. [potion of
                  | mutation]
 11798 | D:8      | Gained mutation: You have a pair of small horns on your
                  | head. [potion of mutation]
 12528 | D:8      | Killed an unseen horror
 13388 | D:9      | Gained mutation: You cannot study or use magical devices.
                  | [Ru sacrifice]
 13388 | D:9      | Reached **** piety under Ru
 13388 | D:9      | Reached ***** piety under Ru
 13574 | D:9      | Found a staircase to the Orcish Mines.
 14028 | D:9      | Reached XP level 11. HP: 93/93 MP: 10/20
 14035 | D:9      | Found a staircase to the Lair.
 14246 | D:10     | Entered Level 10 of the Dungeon
 14363 | Lair:1   | Entered Level 1 of the Lair of Beasts
 14389 | Lair:1   | Found a runed translucent gate.
 14389 | Lair:1   | Found a runed translucent gate.
 14390 | Lair:1   | Found a runed translucent gate.
 14391 | Lair:1   | Noticed arta456's ghost (journeyman DECj)
 14391 | Lair:1   | Noticed vatarom's ghost (novice DrTm)
 14391 | Lair:1   | Noticed JazCRAWL's ghost (journeyman HOMo)
 14392 | Lair:1   | Noticed 15bullets's ghost (journeyman TrMo)
 14392 | Lair:1   | Noticed Galthrax's ghost (journeyman OpTm)
 14408 | Lair:1   | Noticed a four-headed hydra
 14436 | Lair:1   | Killed a four-headed hydra
 14437 | Lair:1   | Reached skill level 11 in Unarmed Combat
 14857 | Lair:1   | Reached skill level 5 in Dodging
 16591 | Lair:2   | Reached skill level 10 in Transmutations
 16618 | Lair:1   | Gained mutation: [Your magical capacity is low. (-10% MP)]
                  | [Ru sacrifice]
 16739 | Lair:2   | Noticed a five-headed hydra
 17117 | Lair:1   | Killed a five-headed hydra
 17613 | Lair:2   | Reached XP level 12. HP: 72/105 MP: 13/18
 17859 | Lair:2   | Noticed a five-headed hydra
 17874 | Lair:2   | Killed a five-headed hydra
 18290 | Lair:2   | Reached skill level 12 in Unarmed Combat
 18536 | Lair:2   | Identified a scroll of acquirement
 18536 | Lair:2   | Acquired the ring of Jyos {Str+6 SInv Stlth+}
 18581 | Lair:2   | Found a glowing golden altar of the Shining One.
 18718 | Lair:2   | Reached skill level 10 in Fighting
 19573 | Lair:3   | Reached skill level 1 in Throwing
 20597 | Lair:3   | Gained mutation: You have somewhat slow reflexes. (EV -5)
                  | [Ru sacrifice]
 20597 | Lair:3   | Reached ****** piety under Ru
 20676 | Lair:3   | Found a staircase to the Swamp.
 21257 | Lair:4   | Noticed a six-headed hydra
 21746 | Lair:4   | Found a staircase to the Snake Pit.
 21769 | Lair:4   | Killed a six-headed hydra
 22583 | Lair:5   | Noticed Snorg
 22585 | Lair:5   | Noticed a seven-headed hydra
 22987 | Lair:4   | Reached skill level 5 in Throwing
 23228 | Lair:4   | Killed Snorg
 23229 | Lair:4   | Reached XP level 13. HP: 78/109 MP: 13/19
 24152 | Lair:5   | Found a staircase to the Slime Pits.
 24164 | Lair:5   | You fall into a shaft and drop 1 floor!
 24164 | Lair:6   | Entered Level 6 of the Lair of Beasts
 24164 | Lair:6   | Noticed a fire dragon
 24169 | Lair:6   | Killed a fire dragon
 24421 | Lair:6   | Found a gate leading to a gauntlet.
 24433 | Gauntlet | Entered a Gauntlet
 24433 | Gauntlet | Found a transporter.
 24433 | Gauntlet | Found a transporter.
 24440 | Gauntlet | Found a transporter.
 24443 | Gauntlet | Found a transporter.
 24443 | Gauntlet | Found a transporter.
 24445 | Gauntlet | Found a large runed translucent door.
 24446 | Gauntlet | Found a large runed translucent door.
 24447 | Gauntlet | Found a large runed translucent door.
 24447 | Gauntlet | Found a large runed translucent door.
 24447 | Gauntlet | Found a runed translucent door.
 24447 | Gauntlet | Found a runed translucent door.
 24448 | Gauntlet | Found a large runed translucent door.
 24448 | Gauntlet | Found a large runed translucent door.
 24448 | Gauntlet | Found a large runed translucent door.
 24448 | Gauntlet | Found a large runed translucent door.
 24449 | Gauntlet | Found a large runed translucent door.
 24450 | Gauntlet | Found a large runed translucent door.
 24452 | Gauntlet | Found a large runed translucent door.
 24452 | Gauntlet | Found a large runed translucent door.
 24452 | Gauntlet | Found a transporter.
 24454 | Gauntlet | Found a transporter.
 24459 | Gauntlet | Found a large runed translucent door.
 24459 | Gauntlet | Found a large runed translucent door.
 24460 | Gauntlet | Found a runed translucent gate.
 24460 | Gauntlet | Found a transporter.
 24460 | Gauntlet | Found a runed translucent gate.
 24463 | Gauntlet | Found a transporter.
 24464 | Gauntlet | Found a runed translucent gate.
 24531 | Gauntlet | Found a large runed translucent door.
 24532 | Gauntlet | Found a large runed translucent door.
 24543 | Gauntlet | Found a transporter.
 24621 | Gauntlet | Found a transporter.
 24650 | Gauntlet | Found a transporter.
 24811 | Gauntlet | Got a clouded glass ring
 24812 | Gauntlet | Identified the ring "Jenoh" {rF+ Dex+3} (You found it in a
                  | Gauntlet)
 24853 | Gauntlet | Got a pitted hand crossbow
 24923 | Gauntlet | Noticed a minotaur
 24944 | Gauntlet | Killed a minotaur
 25089 | Gauntlet | Identified the Handbook of the Voyage and Moulding
 25091 | Gauntlet | Got a fine broad axe
 25237 | Lair:6   | Learned a level 6 spell: Statue Form
 25346 | Lair:6   | Reached skill level 13 in Unarmed Combat
 25346 | Lair:6   | Reached skill level 1 in Earth Magic
 25711 | Lair:6   | Got a slimy quarterstaff
 25712 | Lair:6   | Identified the cursed +1 quarterstaff of Doom {drain,
                  | Will++ Int+4} (You found it on level 6 of the Lair of
                  | Beasts)
 25714 | Lair:6   | Identified the +6 hand crossbow of Brutal Revenge {elec,
                  | rPois Int+2} (You found it in a Gauntlet)
 25715 | Lair:6   | Identified the cursed +0 broad axe of Fury {vorpal, SInv}
                  | (You found it in a Gauntlet)
 28554 | D:11     | You fall into a shaft and drop 2 floors!
 29322 | D:13     | Found a gate to the Vaults.
 29473 | D:13     | Found Romin's General Store.
 30047 | D:14     | Reached XP level 14. HP: 91/125 MP: 16/21
 30096 | D:14     | Noticed Roxanne
 30225 | D:14     | Found a viscous altar of Jiyva.
 30234 | D:14     | Reached skill level 5 in Earth Magic
 31127 | D:14     | Noticed Agnes
 31135 | D:14     | Killed Agnes
 31881 | D:15     | Entered Level 15 of the Dungeon
 32394 | D:14     | Killed Roxanne
 33003 | D:15     | Acquired an uncursed ring of protection from cold
 33428 | D:15     | Found a shadowy altar of Dithmenos.
 33473 | D:15     | Noticed a fire giant
 33497 | D:15     | Found a staircase to the Depths.
 34352 | D:12     | Learned a level 6 spell: Eringya's Noxious Bog
 34450 | D:12     | Noticed Josephine
 34459 | D:12     | Killed Josephine
 35387 | Orc:1    | Entered Level 1 of the Orcish Mines
 35388 | Orc:1    | Found a radiant altar of Vehumet.
 35568 | Orc:2    | Entered Level 2 of the Orcish Mines
 35622 | Orc:2    | Gained mutation: [Potions are less effective at restoring
                  | your health.] [mutagenic glow]
 35767 | Orc:2    | Noticed an orc warlord
 35778 | Orc:2    | Killed an orc warlord
 35779 | Orc:2    | Reached skill level 10 in Dodging
 35779 | Orc:2    | Reached skill level 14 in Unarmed Combat
 35779 | Orc:2    | Reached XP level 15. HP: 111/132 MP: 22/24
 35977 | Orc:2    | Gained mutation: [You are frail. (-10% HP)] [mutagenic
                  | glow]
 36197 | Orc:2    | Found a staircase to the Elven Halls.
 36625 | Orc:2    | Found Moxtelei's Gadget Shoppe.
 36625 | Orc:2    | Found Hesmuq's Assorted Antiques.
 36637 | Orc:2    | Noticed Erolcha
 36664 | Orc:2    | Killed Erolcha
 36926 | Orc:2    | Found a roughly hewn altar of Beogh.
 36946 | Orc:2    | Found Coiryxt's Antique Armour Boutique.
 36979 | Orc:2    | Found a roughly hewn altar of Beogh.
 37079 | Orc:2    | Found Umuoqul's Assorted Antiques.
 37079 | Orc:2    | Found Zaxtig's Distillery.
 37085 | Orc:2    | Bought a sapphire ring for 185 gold pieces
 37094 | Orc:2    | Bought a potion of curing for 36 gold pieces
 37094 | Orc:2    | Bought a potion of curing for 36 gold pieces
 37094 | Orc:2    | Bought 2 potions of curing for 72 gold pieces
 37094 | Orc:2    | Bought a potion of curing for 36 gold pieces
 37248 | Elf:1    | Entered Level 1 of the Elven Halls
 37353 | Elf:1    | Found a radiant altar of Vehumet.
 37509 | Elf:1    | Noticed a deep elf sorcerer
 37515 | Elf:1    | Killed a deep elf sorcerer
 37946 | Elf:1    | Found Qealisah's Antique Armour Boutique.
 37951 | Elf:1    | Noticed a deep elf sorcerer
 37954 | Elf:1    | Cast into level 2 of the Abyss (a deep elf sorcerer)
 37997 | Abyss:2  | Reached skill level 5 in Poison Magic
 38115 | Abyss:2  | Lost mutation: [You are extremely frail. (-30% HP)] [potion
                  | of mutation]
 38115 | Abyss:2  | Gained mutation: You evolve. [potion of mutation]
 38119 | Abyss:2  | Mangled by an ettin zombie

Illustrated notes

Levels and vault maps discovered:
D:1:      heliophobic_arrival_battle_scene, layout_rooms, nrook_mini_vaults,
          minmay_misc_feat_cross
D:2:      minmay_razor_zed, layout_basic, overflow_temple_1_default,
          grunt_qazlal_clouds
D:3:      layout_loops_ring, minmay_cut_off, uniq_grinder
D:4:      layout_rooms, makhleb_heckhound_becter, minmay_temple_entry_overgrown,
          serial_rivers, chequers_serial_rivers_small_3,
          chequers_serial_rivers_room_a, chequers_serial_rivers_micro_b,
          chequers_serial_rivers_room_b, chequers_serial_rivers_micro_d,
          chequers_serial_rivers_room_b, okawaru_trees_2, uniq_blork_the_orc
D:5:      layout_rooms
D:6:      layout_loops_corners, minmay_misc_feat_tower, palyth_stone_intersect
D:7:      layout_gridville, nicolae_overflow_hidden_temple, glass_columns_a,
          uniq_menkaure, uniq_maggie, uniq_crazy_yiuf_cottage, uniq_pikel
D:8:      layout_gridville, old_standard_altar, nicolae_ashenzari_panopticon,
          uniq_prince_ribbit1
D:9:      layout_cave_pools, david_lair_shrubbed, zombieorc1_lemuel
D:10:     layout_roguey [special_room_bee], mumra_transporter_accident,
          kennysheep_generic_room_14
D:11:     layout_rooms
D:12:     layout_cave_pools, uniq_josephine
D:13:     layout_basic, david_vaults_2, serial_shops, nicolae_shop_statue_plus
D:14:     layout_layer_cave, nicolae_lava_and_water, drop_trap,
          nrook_loot_triangle, jiyva_altar_1, uniq_roxanne, uniq_agnes
D:15:     grunt_enter_depths_giant_problem, layout_cave_pods,
          nicolae_dithmenos_the_darkroom
Temple:   dpeg_chambers_temple
Lair:1:   layout_layer_cave, gammafunk_ghost_cemetery, wad_woods_03,
          grunt_megastairs_3
Lair:2:   layout_small_grid, lemuel_centaur_altar
Lair:3:   cheibrodos_magma_flow, layout_chaotic_city, swamp_mist,
          infiniplex_staircase_pool
Lair:4:   layout_big_grid, guppyfry_snake_entry_island, serial_rivers,
          chequers_serial_rivers_micro_c, chequers_serial_rivers_room_b,
          chequers_serial_rivers_small_a, chequers_serial_rivers_micro_e,
          chequers_serial_rivers_micro_b, chequers_serial_rivers_small_a,
          lemuel_fruit_tree
Lair:5:   layout_loops_ring, minmay_slime_entry_pillars, grunt_megastairs_5,
          uniq_snorg
Lair:6:   guppyfry_lair_end_dragon, layout_regular_city, gauntlet_entry_generic,
          serial_bayou_shore_a, lemuel_fruit_fields, lemuel_fruit_fields
Orc:1:    layout_caves, basic_altar, serial_shops, nicolae_shop_behind_doors,
          chequers_guarded_unrand_ignorance
Orc:2:    st_orc_town, layout_diamond_mine, serial_shops,
          nicolae_shop_overgrown_old_shop, basic_altar, mines_bat_river,
          uniq_erolcha
Elf:1:    eino_elf_arrival_altar, layout_gridlike, serial_shops, shop,
          hangedman_elf_disciples
Abyss:2:  base: D:2, hangedman_elemental_corridor

Skill      XL: |  1  2  3  4  5  6  7  8  9 10 11 12 13 14 15 |
---------------+----------------------------------------------+-----
Unarmed Combat | 4 5 7 9 10 11 12 13 14 | 14.2
Poison Magic   | 1 2 5 |  5.1
Transmutations | 5 6 7 8 9 10 11 12 | 12.3
Ice Magic      | 2 |  2.0
Fighting       | 4 6 7 9 10 11 12 | 12.2
Spellcasting   | 4 6 8 |  8.4
Dodging        | 4 6 7 8 10 | 10.2
Throwing       | 5 6 |  6.6
Earth Magic    | 4 7 8 |  8.1

Action                   |  1- 3 |  4- 6 |  7- 9 | 10-12 | 13-15 || total
-------------------------+-------+-------+-------+-------+-------++-------
Melee: Unarmed           |   106 |   115 |   368 |   591 |  1112 ||  2292
       Headbutt          |    11 |     2 |     1 |    62 |   211 ||   287
       Kick              |    15 |     6 |     5 |       |    75 ||   101
       Tailslap          |     8 |     2 |    11 |    69 |   112 ||   202
       Punch             |       |     1 |     7 |    22 |    56 ||    86
Throw: Boomerang         |    14 |    47 |    12 |    40 |    18 ||   131
       Dart              |       |       |       |    16 |    10 ||    26
       Javelin           |       |       |       |     5 |     7 ||    12
       Throwing net      |       |       |       |     2 |     2 ||     4
 Cast: Beastly Appendage |    20 |     9 |     5 |       |       ||    34
       Spider Form       |       |     9 |    29 |     5 |     2 ||    45
       Ice Form          |       |       |     1 |     4 |     5 ||    10
       Blade Hands       |       |       |       |    83 |    77 ||   160
       Statue Form       |       |       |       |       |    38 ||    38
Invok: Sacrifice an Eye  |       |       |     1 |       |       ||     1
       Sacrifice Resista |       |       |     1 |       |       ||     1
       Sacrifice Artific |       |       |       |     1 |       ||     1
       Power Leap        |       |       |       |     1 |     2 ||     3
       Sacrifice Essence |       |       |       |     1 |       ||     1
       Draw Out Power    |       |       |       |     1 |     6 ||     7
       Sacrifice Health  |       |       |       |     1 |       ||     1
       Apocalypse        |       |       |       |       |     3 ||     3
 Abil: Breathe Dispellin |       |       |     5 |     1 |     2 ||     8
       End Transformatio |       |       |     1 |     3 |     7 ||    11
  Use: Potion            |       |     5 |     2 |     1 |     3 ||    11
       Scroll            |       |     8 |     2 |    12 |     9 ||    31
 Stab: Sleeping          |       |     1 |     1 |     1 |     2 ||     5
       Invisible         |       |       |       |     6 |    10 ||    16
       Distracted        |       |       |       |     2 |     8 ||    10
       Paralysed         |       |       |       |     7 |    18 ||    25
Armor: Skin              |    34 |    42 |    45 |   133 |   353 ||   607
Dodge: Dodged            |    56 |    84 |   329 |   516 |   725 ||  1710
